PIO (24 & UNDER)
SEATTLE RAINIERS @ SALEM SLEDGEHAMMERS
06/02/2023
 
TOP OF THE 1ST
Seattle Rainiers batting - Pitching for Salem Sledgehammers : RHP Emery Graham
Pitching: RHP Emery Graham
Batting: RHB Aaron Holt 0-0: Called Strike
0-1: Foul Ball, location: 2F
0-2: Foul Ball, location: 2F
0-2: Ball
1-2: Ball
2-2: Foul Ball, location: 2F
2-2: Strikes out swinging
Batting: RHB Pedro Rodríguez 0-0: Ball
1-0: Called Strike
1-1: Ball
2-1: Ball
3-1: Base on Balls
Batting: LHB Brian Boone 0-0: Called Strike
0-1: Foul Ball, location: 2F
0-2: Ball
1-2: Foul Ball, location: 2F
1-2: Strikes out swinging
Batting: SHB Glenn Vadnais 0-0: Ball
1-0: Called Strike
1-1: Ball
2-1: Called Strike
2-2: Strikes out swinging
Top of the 1st over - 0 run(s), 0 hit(s), 0 error(s), 1 left on base; Seattle 0 - Salem 0
BOTTOM OF THE 1ST
Salem Sledgehammers batting - Pitching for Seattle Rainiers : RHP Jaime Espinoza
Pitching: RHP Jaime Espinoza
Batting: RHB William Richardson 0-0: Called Strike
0-1: Swinging Strike
0-2: Ground out 1-3 (Groundball, 13)
Batting: RHB Brandon Pope 0-0: Ball
1-0: SINGLE (Line Drive, 6MD)
Batting: SHB Lee Townsend 0-0: Swinging Strike
0-1: Ball
1-1: Ball
2-1: Fly out, F7 (Line Drive, 78D)
Batting: SHB Pepe Piña 0-0: Ball
1-0: Ball
2-0: Ball
3-0: Called Strike
3-1: Base on Balls
Brandon Pope to second
Batting: SHB Júlio Salazar 0-0: Swinging Strike
0-1: Foul Ball, location: 2F
0-2: Fly out, F8 (Flyball, 89M)
Bottom of the 1st over - 0 run(s), 1 hit(s), 0 error(s), 2 left on base; Seattle 0 - Salem 0
TOP OF THE 2ND
Seattle Rainiers batting - Pitching for Salem Sledgehammers : RHP Emery Graham
Batting: RHB Chris Parker 0-0: Ball
1-0: Ground out 5-3 (Groundball, 5S)
Batting: RHB Alejandro Ramos 0-0: Ball
1-0: Called Strike
1-1: Foul Ball, location: 2F
1-2: Foul Ball, location: 2F
1-2: Strikes out looking
Batting: LHB Norbert Mosley 0-0: Ball
1-0: SOLO HOME RUN (Flyball, 78XD), Distance : 416 ft
Batting: LHB Tony Rivera 0-0: Foul Ball, location: 2F
0-1: Hit by Pitch
Batting: RHB Bill Dawson 0-0: Ball
1-0: Called Strike
1-1: Ball
2-1: Swinging Strike
2-2: Ball
Tony Rivera is caught stealing 2nd base
Top of the 2nd over - 1 run(s), 1 hit(s), 0 error(s), 0 left on base; Seattle 1 - Salem 0
BOTTOM OF THE 2ND
Salem Sledgehammers batting - Pitching for Seattle Rainiers : RHP Jaime Espinoza
Batting: LHB Brent Alonzo 0-0: Called Strike
0-1: Foul Ball, location: 2F
0-2: Foul Ball, location: 2F
0-2: Ball
1-2: Ground out 4-3 (Groundball, 4)
Batting: RHB Dale Reeves 0-0: Ball
1-0: Foul Ball, location: 2F
1-1: SINGLE (Line Drive, 34)
Batting: RHB Fernando Pérez 0-0: Ball
1-0: Ball
2-0: Called Strike
2-1: Grounds into double play, 5-4-3 (Groundball, 5L)
Bottom of the 2nd over - 0 run(s), 1 hit(s), 0 error(s), 0 left on base; Seattle 1 - Salem 0
TOP OF THE 3RD
Seattle Rainiers batting - Pitching for Salem Sledgehammers : RHP Emery Graham
Batting: RHB Bill Dawson 0-0: Ground out 1-3 (Groundball, 13S)
Batting: RHB Aaron Holt 0-0: Foul Ball, location: 2F
0-1: Ball
1-1: Swinging Strike
1-2: Foul Ball, location: 2F
1-2: Ball
2-2: DOUBLE (Flyball, 78XD)
Batting: RHB Pedro Rodríguez 0-0: Ball
1-0: Called Strike
Aaron Holt steals 3rd base
1-1: Ball
2-1: Foul Ball, location: 2F
2-2: Foul Ball, location: 2F
2-2: Foul Ball, location: 2F
2-2: Ball
3-2: Foul Ball, location: 2F
3-2: Strikes out swinging
Batting: LHB Brian Boone 0-0: Called Strike
0-1: Ground out 4-3 (Groundball, 34)
Top of the 3rd over - 0 run(s), 1 hit(s), 0 error(s), 1 left on base; Seattle 1 - Salem 0
BOTTOM OF THE 3RD
Salem Sledgehammers batting - Pitching for Seattle Rainiers : RHP Jaime Espinoza
Batting: RHB Ryan Cates 0-0: Ball
1-0: Ball
2-0: Called Strike
2-1: Foul Ball, location: 2F
2-2: Strikes out swinging
Batting: RHB William Richardson 0-0: Ball
1-0: Ball
2-0: Foul Ball, location: 2F
2-1: Ball
3-1: Fly out, F9 (Flyball, 9M)
Batting: RHB Brandon Pope 0-0: Ball
1-0: Foul Ball, location: 2F
1-1: Ground out 5-3 (Groundball, 5S)
Bottom of the 3rd over - 0 run(s), 0 hit(s), 0 error(s), 0 left on base; Seattle 1 - Salem 0
TOP OF THE 4TH
Seattle Rainiers batting - Pitching for Salem Sledgehammers : RHP Emery Graham
Batting: SHB Glenn Vadnais 0-0: Foul Ball, location: 2F
0-1: Ball
1-1: Ball
2-1: Ball
3-1: Base on Balls
Batting: RHB Chris Parker 0-0: Ball
1-0: Ball
2-0: Foul Ball, location: 2F
2-1: Foul Ball, location: 2F
2-2: Ball
3-2: Foul Ball, location: 2F
3-2: DOUBLE (Line Drive, 89M)
Glenn Vadnais to third
Batting: RHB Alejandro Ramos 0-0: SINGLE (Groundball, 6MD)
Glenn Vadnais scores
Chris Parker to third
Batting: LHB Norbert Mosley 0-0: Called Strike
0-1: SINGLE (Flyball, 89S)
Chris Parker scores
Alejandro Ramos to second
Runner from 2nd tries for 3rd, SAFE, throw made to third
Batting: LHB Tony Rivera 0-0: Swinging Strike
0-1: Ball
1-1: Ball
2-1: Foul Ball, location: 2F
2-2: Strikes out swinging
Batting: RHB Bill Dawson 0-0: Ball
1-0: Ball
2-0: Called Strike
2-1: Fielders Choice at 2nd, 5-4 (Groundball, 56)
Alejandro Ramos scores
Batting: RHB Aaron Holt 0-0: DOUBLE (Groundball, 5L)
Bill Dawson to third
Batting: RHB Pedro Rodríguez 0-0: Foul Ball, location: 2F
0-1: Ball
1-1: Ball
2-1: Foul Ball, location: 2F
2-2: Foul Ball, location: 2F
2-2: Foul Ball, location: 2F
2-2: Ball
3-2: Foul Ball, location: 2F
3-2: Base on Balls
Pitching: RHP Russell Harris
Batting: LHB Brian Boone 0-0: Swinging Strike
0-1: Swinging Strike
0-2: Ball
1-2: Foul Ball, location: 2F
1-2: Strikes out swinging
Top of the 4th over - 3 run(s), 4 hit(s), 0 error(s), 3 left on base; Seattle 4 - Salem 0
BOTTOM OF THE 4TH
Salem Sledgehammers batting - Pitching for Seattle Rainiers : RHP Jaime Espinoza
Batting: SHB Lee Townsend 0-0: Called Strike
0-1: SOLO HOME RUN (Flyball, 89XD), Distance : 410 ft
Batting: SHB Pepe Piña 0-0: Foul Ball, location: 2F
0-1: Foul Ball, location: 2F
0-2: SINGLE (Groundball, 5D)
Batting: SHB Júlio Salazar 0-0: Called Strike
0-1: Foul Ball, location: 2F
0-2: Ball
Wild Pitch!
Pepe Piña to second
1-2: Ball
2-2: Strikes out swinging
Batting: LHB Brent Alonzo 0-0: Ball
1-0: SINGLE (Groundball, 4M)
Pepe Piña to third
Runner from 3rd tries for Home, SAFE, no throw or cutoff
Batting: RHB Dale Reeves 0-0: Ball
1-0: Foul Ball, location: 2F
1-1: 2-RUN HOME RUN (Flyball, 7D), Distance : 390 ft
Batting: RHB Fernando Pérez 0-0: Ground out 5-3 (Groundball, 5S)
Batting: RHB Ryan Cates 0-0: Ball
1-0: Called Strike
1-1: Foul Ball, location: 2F
1-2: Ball
2-2: Strikes out swinging
Bottom of the 4th over - 4 run(s), 4 hit(s), 0 error(s), 0 left on base; Seattle 4 - Salem 4
TOP OF THE 5TH
Seattle Rainiers batting - Pitching for Salem Sledgehammers : RHP Russell Harris
Batting: SHB Glenn Vadnais 0-0: Ball
1-0: Foul Ball, location: 2F
1-1: Swinging Strike
1-2: Strikes out swinging
Batting: RHB Chris Parker 0-0: Ball
1-0: Ball
2-0: Ball
3-0: Called Strike
3-1: Base on Balls
Batting: RHB Alejandro Ramos 0-0: Ball
Chris Parker is caught stealing 2nd base
1-0: Called Strike
1-1: Ball
2-1: Foul Ball, location: 2F
2-2: Fly out, F8 (Flyball, 8RM)
Top of the 5th over - 0 run(s), 0 hit(s), 0 error(s), 0 left on base; Seattle 4 - Salem 4
BOTTOM OF THE 5TH
Salem Sledgehammers batting - Pitching for Seattle Rainiers : RHP Jaime Espinoza
Batting: RHB William Richardson 0-0: Ball
1-0: Called Strike
1-1: Foul Ball, location: 2F
1-2: Ball
2-2: Foul Ball, location: 2F
2-2: Foul Ball, location: 2F
2-2: Ground out 6-3 (Groundball, 6)
Batting: RHB Brandon Pope 0-0: DOUBLE (Line Drive, 7LS)
Batting: SHB Lee Townsend 0-0: Intentional Walk
Batting: SHB Pepe Piña 0-0: 3-RUN HOME RUN (Flyball, 9D), Distance : 398 ft
Batting: SHB Júlio Salazar 0-0: Called Strike
0-1: Ball
1-1: Swinging Strike
1-2: Foul Ball, location: 2F
1-2: Ground out U3 (Groundball, 3)
Batting: LHB Brent Alonzo 0-0: Called Strike
0-1: Swinging Strike
0-2: Ball
1-2: Ball
2-2: Ball
3-2: SINGLE (Flyball, 7LS)
Pitching: LHP Jeff Stevenson
Batting: RHB Dale Reeves 0-0: Ball
1-0: Ball
2-0: Swinging Strike
2-1: Foul Ball, location: 2F
2-2: Foul Ball, location: 2F
2-2: Ball
3-2: Base on Balls
Brent Alonzo to second
Batting: RHB Fernando Pérez 0-0: Called Strike
0-1: SINGLE (Groundball, 4MD)
Brent Alonzo to third
Dale Reeves to second
Runner from 3rd tries for Home, SAFE, no throw or cutoff
Batting: RHB Ryan Cates 0-0: Called Strike
0-1: Ball
1-1: Swinging Strike
1-2: Strikes out swinging
Bottom of the 5th over - 4 run(s), 4 hit(s), 0 error(s), 2 left on base; Seattle 4 - Salem 8
TOP OF THE 6TH
Seattle Rainiers batting - Pitching for Salem Sledgehammers : RHP Russell Harris
Batting: LHB Norbert Mosley 0-0: Called Strike
0-1: Ball
1-1: Ground out 4-3 (Groundball, 4)
Batting: LHB Tony Rivera 0-0: Foul Ball, location: 2F
0-1: Fly out, F8 (Flyball, 8RM)
Batting: RHB Bill Dawson 0-0: Ground out 3-1 (Groundball, 34)
Top of the 6th over - 0 run(s), 0 hit(s), 0 error(s), 0 left on base; Seattle 4 - Salem 8
BOTTOM OF THE 6TH
Salem Sledgehammers batting - Pitching for Seattle Rainiers : LHP Jeff Stevenson
Batting: RHB William Richardson 0-0: Ball
1-0: Called Strike
1-1: Ball
2-1: Foul Ball, location: 2F
2-2: Strikes out looking
Batting: RHB Brandon Pope 0-0: Ball
1-0: Ball
2-0: Called Strike
2-1: Swinging Strike
2-2: Ball
3-2: DOUBLE (Line Drive, 9D)
Batting: SHB Lee Townsend 0-0: Intentional Walk
Batting: SHB Pepe Piña 0-0: Ball
1-0: Ball
2-0: Foul Ball, location: 2F
2-1: Called Strike
2-2: Ball
3-2: Base on Balls
Brandon Pope to third
Lee Townsend to second
Batting: SHB Júlio Salazar 0-0: Fly out, F8 (Flyball, 8RS)
Batting: LHB Brent Alonzo 0-0: Ball
1-0: Called Strike
1-1: Called Strike
1-2: Ball
2-2: Ball
3-2: Strikes out swinging
Bottom of the 6th over - 0 run(s), 1 hit(s), 0 error(s), 3 left on base; Seattle 4 - Salem 8
TOP OF THE 7TH
Seattle Rainiers batting - Pitching for Salem Sledgehammers : RHP Russell Harris
Pitching: RHP Jeff Hansen
Batting: RHB Aaron Holt 0-0: Called Strike
0-1: Ball
1-1: Swinging Strike
1-2: Strikes out looking
Batting: RHB Pedro Rodríguez 0-0: Ball
1-0: Ground out 6-3 (Groundball, 6M)
Batting: LHB Brian Boone 0-0: Called Strike
0-1: Ball
1-1: Ground out 4-3 (Groundball, 4M)
Top of the 7th over - 0 run(s), 0 hit(s), 0 error(s), 0 left on base; Seattle 4 - Salem 8
BOTTOM OF THE 7TH
Salem Sledgehammers batting - Pitching for Seattle Rainiers : LHP Jeff Stevenson
Batting: RHB Dale Reeves 0-0: Ball
1-0: Ball
2-0: Ground out 5-3 (Groundball, 56)
Batting: RHB Fernando Pérez 0-0: Ball
1-0: Called Strike
1-1: Foul Ball, location: 2F
1-2: Ball
2-2: Foul Ball, location: 2F
2-2: Fly out, F7 (Flyball, 78M)
Batting: RHB Ryan Cates 0-0: Ball
1-0: Ball
2-0: Ball
3-0: Called Strike
3-1: Swinging Strike
3-2: Strikes out looking
Bottom of the 7th over - 0 run(s), 0 hit(s), 0 error(s), 0 left on base; Seattle 4 - Salem 8
TOP OF THE 8TH
Seattle Rainiers batting - Pitching for Salem Sledgehammers : RHP Jeff Hansen
Batting: SHB Glenn Vadnais 0-0: Ball
1-0: Foul Ball, location: 2F
1-1: Called Strike
1-2: Foul Ball, location: 2F
1-2: Fly out, F8 (Flyball, 8LD)
Batting: RHB Chris Parker 0-0: Called Strike
0-1: Ball
1-1: Called Strike
1-2: Foul Ball, location: 2F
1-2: Strikes out swinging
Batting: RHB Alejandro Ramos 0-0: Ball
1-0: Foul Ball, location: 2F
1-1: Called Strike
1-2: Ball
2-2: Ball
3-2: Base on Balls
Batting: LHB Norbert Mosley 0-0: Ball
1-0: Ball
2-0: Ball
3-0: Called Strike
3-1: Foul Ball, location: 2F
3-2: Base on Balls
Alejandro Ramos to second
Pitching: LHP Nick Johnson
Batting: LHB Tony Rivera 0-0: Ball
1-0: Foul Ball, location: 2F
1-1: Ball
2-1: Swinging Strike
2-2: Foul Ball, location: 2F
2-2: Strikes out swinging
Top of the 8th over - 0 run(s), 0 hit(s), 0 error(s), 2 left on base; Seattle 4 - Salem 8
BOTTOM OF THE 8TH
Salem Sledgehammers batting - Pitching for Seattle Rainiers : LHP Jeff Stevenson
Pitching: RHP Leo MacIntosh
Batting: RHB William Richardson 0-0: Ball
1-0: Ball
2-0: Ball
3-0: Base on Balls
Batting: RHB Brandon Pope 0-0: Reached on error, E5 (Groundball, 5S)
William Richardson to third
Batting: SHB Lee Townsend 0-0: Intentional Walk
Batting: SHB Pepe Piña 0-0: Ball
1-0: Ball
2-0: Ball
3-0: Base on Balls
William Richardson scores
Brandon Pope to third
Lee Townsend to second
Batting: SHB Júlio Salazar 0-0: Called Strike
0-1: Ground out 5-3 (Groundball, 5S)
Brandon Pope scores
Lee Townsend to third
Pepe Piña to second
Batting: LHB Brent Alonzo 0-0: Called Strike
0-1: Ball
1-1: Ball
2-1: Ball
3-1: Called Strike
3-2: Base on Balls
Batting: RHB Dale Reeves 0-0: Ball
1-0: Ball
2-0: Foul Ball, location: 2F
2-1: Fielders Choice at 2nd, 6-4 (Groundball, 6)
Lee Townsend scores
Pepe Piña to third
Batting: RHB Fernando Pérez 0-0: Ball
1-0: SINGLE (Groundball, 56D)
Pepe Piña scores
Dale Reeves to second
Batting: RHB Ryan Cates 0-0: Ball
Dale Reeves is caught stealing 3rd base
Bottom of the 8th over - 4 run(s), 1 hit(s), 1 error(s), 0 left on base; Seattle 4 - Salem 12
TOP OF THE 9TH
Seattle Rainiers batting - Pitching for Salem Sledgehammers : LHP Nick Johnson
Batting: RHB Bill Dawson 0-0: Called Strike
0-1: Swinging Strike
0-2: Ball
1-2: Strikes out swinging
Batting: RHB Aaron Holt 0-0: Ball
1-0: Ball
2-0: Swinging Strike
2-1: Ball
3-1: Foul Ball, location: 2F
3-2: Foul Ball, location: 2F
3-2: Strikes out swinging
Batting: RHB Pedro Rodríguez 0-0: Swinging Strike
0-1: Ball
1-1: Foul Ball, location: 2F
1-2: SINGLE (Flyball, 8RS)
Batting: LHB Brian Boone 0-0: Ball
1-0: Fly out, F7 (Flyball, 7LM)
Top of the 9th over - 0 run(s), 1 hit(s), 0 error(s), 1 left on base; Seattle 4 - Salem 12
This league is powered by Out of the Park Baseball, the baseball management simulation game for PC, Mac and Linux
Wednesday, December 2nd, 2015 - OOTP Baseball 16.8 Build 38